 Dungeon Crawl Stone Soup version 0.23.2-30-g0e89c35 (webtiles) character file.

Game seed: 17200559292758815540

118 Fortress the Firebug (level 4, 0/33 HPs)
             Began as a Draconian Fire Elementalist on June 20, 2019.
             Slain by an orc priest
             ... wielding a +0 mace
              (3 damage)
             ... on level 3 of the Dungeon.
             The game lasted 00:08:15 (2144 turns).

Fortress the Firebug (Draconian Fire Elementalist)  Turns: 2144, Time: 00:08:16

Health: 0/33       AC:  6    Str: 11    XL:     4   Next: 72%
Magic:  1/8        EV: 12    Int: 16    God:
Gold:   129        SH:  0    Dex: 11    Spells: 7/8 levels left

rFire    . . .     SeeInvis .   g - +2 dagger (venom)
rCold    . . .     Gourm    .   (no shield)
rNeg     . . .     Faith    .   (armour unavailable)
rPois    .         Spirit   .   (helmet restricted)
rElec    .         Reflect  .   (no cloak)
rCorr    .         Harm     .   l - +0 pair of gloves
MR       .....                  (no boots)
Stlth    ++........             (no amulet)
HPRegen  0.11/turn              (no ring)
MPRegen  0.11/turn              (no ring)

@: flying
A: unfitting armour, cold-blooded, AC +5
a: no special abilities


You were on level 3 of the Dungeon.
You were not hungry.

You visited 1 branch of the dungeon, and saw 3 of its levels.

You collected 129 gold pieces.

Inventory:

Hand Weapons
 g - a +2 dagger of venom (weapon)
 h - a cursed -3 mace
 m - a +1 trident of piercing
 s - a +0 hunting sling
 v - a +1 hand axe of flaming
Missiles
 a - 24 sling bullets
 d - 36 poisoned needles
 e - 114 stones (quivered)
Armour
 l - a +0 pair of gloves (worn)
Scrolls
 c - 3 scrolls of enchant armour {unknown}
 f - 5 scrolls of identify {unknown}
 k - 2 scrolls of amnesia {unknown}
 p - 2 scrolls of remove curse {unknown}
 q - 2 scrolls of immolation {unknown}
 t - a scroll of teleportation {unknown}
 u - a scroll of blinking {unknown}
 w - a scroll of enchant weapon {unknown}
Potions
 i - a potion of might {unknown}
 j - a potion of agility {unknown}
 n - a potion of haste {unknown}
 o - 2 potions of flight
 r - a potion of degeneration {unknown}
 x - a potion of mutation {unknown}
 z - a potion of magic {unknown}
Comestibles
 b - 6 rations


   Skills:
 - Level 2.1 Dodging
 - Level 2.0 Stealth
 + Level 2.9 Spellcasting
 + Level 2.2 Conjurations
 + Level 4.1 Fire Magic


You had 7 spell levels left.
You knew the following spells:

 Your Spells              Type           Power        Failure   Level  Hunger
a - Flame Tongue          Conj/Fire      ##...        5%          1    #......

Your spell library contained the following spells:

 Spells                   Type           Power        Failure   Level  Hunger
 Throw Flame              Conj/Fire      ##....       8%          2    ##.....
 Conjure Flame            Conj/Fire      ##......     16%         3    ###....
 Inner Flame              Hex/Fire       #.......     24%         3    ###....
 Sticky Flame             Conj/Fire      ##......     45%         4    #####..
 Fireball                 Conj/Fire      ##........   82%         5    ######.


Dungeon Overview and Level Annotations

Branches:
Dungeon (3/15)

Altars:
Wu Jian


Innate Abilities, Weirdness & Mutations

Your plain brown scales are hard. (AC +5)
You cannot fit into any form of body armour.
You are cold-blooded and may be slowed by cold attacks.


Message History

The orc priest is poisoned.
The orc priest is moderately wounded.
The orc hits you with a +0 whip.
You hit the orc priest.
The orc priest looks as sick as possible!
The orc priest is moderately wounded.
The orc priest looks satisfied for a moment.
The orc closely misses you.
You hit the orc priest but do no damage.
The orc priest looks as sick as possible!
The orc priest is moderately wounded.
The orc priest invokes the aid of Beogh against you.
Beogh smites you!
* * * LOW HITPOINT WARNING * * *
The orc priest hits you with a +0 mace.
* * * LOW HITPOINT WARNING * * *
It was a potion of flight.
You feel very buoyant.
You fly up into the air.
The orc priest hits you with a +0 mace.
You die...

#.# #.# #.# #.# #.# #.#
#.#.###.#########
.<...............
#..#########.###.######.##
#.....(†o@o#.# #.# #.#
#.########.#.###.######.#
g.o..ooo#.#.......##.##
o.o..g....'............
.o........#.......##.##
###...#####.......##.#
...... ........##.#
.##...# ##.......##.#
#...##############.#


You could see an orc priest and 2 orcs.

Vanquished Creatures
  3 adders
  2 gnolls (D:3)
  2 worms
  A dart slug (D:1)
  A leopard gecko (D:1)
  5 orcs (D:3)
  7 bats
  8 giant cockroaches
  5 goblins
  5 hobgoblins
  4 jackals (D:2)
  5 kobolds
  A quokka (D:3)
  2 ball pythons (D:2)
  2 frilled lizards (D:1)
  3 rats
56 creatures vanquished.

Notes
Turn   | Place    | Note
-------+----------+-------------------------------------------
     0 | D:1      | Fortress the Draconian Fire Elementalist began the quest
                  | for the Orb.
     0 | D:1      | Reached XP level 1. HP: 14/14 MP: 3/3
   150 | D:1      | Reached XP level 2. HP: 20/20 MP: 0/5
   900 | D:2      | Reached XP level 3. HP: 26/26 MP: 0/6
  1404 | D:2      | Found a faded altar of an unknown god.
  1783 | D:3      | Reached XP level 4. HP: 33/33 MP: 5/7
  1946 | D:3      | Found an ornate altar of the Wu Jian Council.
  2108 | D:3      | Reached skill level 4 in Fire Magic
  2144 | D:3      | Slain by an orc priest

Skill      XL: |  1  2  3  4 |
---------------+-------------+-----
Stealth        | 2 |  2.0
Dodging        | 2 |  2.1
Conjurations   | 2 |  2.2
Fire Magic     | 4 |  4.1
Spellcasting   | |  2.9

Action                   |  1- 3 |  4- 6 || total
-------------------------+-------+-------++-------
Melee: Dagger            |    24 |    13 ||    37
       Tailslap          |     4 |     3 ||     7
 Cast: Flame Tongue      |    63 |    32 ||    95
  Use: Potion            |       |     1 ||     1
  Eat: Chunk             |     3 |     2 ||     5
Armor: Skin              |    21 |     6 ||    27
Dodge: Dodged            |    44 |    11 ||    55
